[Event "GER-ch Blitz 2019"]
[Site "Magdeburg"]
[Date "2019.05.25"]
[Round "20.10"]
[White "Stein, Robert"]
[Black "Buhmann, Rainer"]
[Result "0-1"]
[ECO "E11"]
[WhiteElo "2318"]
[BlackElo "2573"]
[Annotator "ChessBase"]
[PlyCount "76"]
[EventDate "2019.05.25"]
[EventType "tourn"]
[EventCountry "GER"]
[Tiebreak "Number of wins+Number of black wins"]
[SourceTitle "playchess.com"]
[Source "ChessBase"]
[SourceQuality "1"]
[TimeControl "180+2"]

1. d4 Nf6 2. c4 e6 3. Nf3 Bb4+ 4. Bd2 Be7 5. g3 a6 6. Nc3 d5 7. cxd5 exd5 8. Bg2 O-O 9. O-O c6 10. Bf4 Re8 11. Qc2 Nbd7 12. Ne5 Nxe5 13. Bxe5 Nd7 14. Bf4 Nf8 15. Rad1 Be6 16. e4 dxe4 17. Bxe4 Ng6 18. Be3 Rc8 19. Qb1 Bc4 20. Rfe1 Bb4 21. a3 Bxc3 22. bxc3 b5 23.
Bf5 Be6 24. Bxe6 Rxe6 25. a4 Qd5 26. axb5 cxb5 27. Bd2 Rce8 28. Qa1 h5 29. Rxe6 Rxe6 30. Re1 h4 31. Rxe6 Qxe6 32. Qf1 h3 33. f4 Ne7 34. Qf3 Nd5 35. f5 Qc6 36. g4 Qc4 37. Qxh3
Qe2 38. Qg2 Qd1+ 0-1

[Event "GER-ch Blitz 2019"]
[Site "Magdeburg"]
[Date "2019.05.25"]
[Round "20.11"]
[White "Braeuer, Franz"]
[Black "Schmaltz, Roland"]
[Result "0-1"]
[ECO "C41"]
[WhiteElo "2445"]
[BlackElo "2461"]
[Annotator "ChessBase"]
[PlyCount "122"]
[EventDate "2019.05.25"]
[EventType "tourn"]
[EventCountry "GER"]
[Tiebreak "Number of wins+Number of black wins"]
[SourceTitle "playchess.com"]
[Source "ChessBase"]
[SourceQuality "1"]
[TimeControl "180+2"]

1. e4 d6 2. d4 Nf6 3. Nc3 e5 4. Nf3 Nbd7 5. Bc4 Be7 6. O-O O-O 7. Re1 a6 8. a4 b6 9. b3 c6 10. d5 cxd5 11. Nxd5 Bb7 12. Ba3 Nxd5 13. Bxd5 Bxd5 14. Qxd5 Qc7 15. c4 Nf6 16. Qd3 Rfd8 17. Nd2 Qb7 18. Bb2 Nd7 19. Nf1 Nc5 20. Qc2 Bg5 21. g3 Rac8 22. h4 Bh6 23.
Nh2 b5 24. axb5 axb5 25. Ng4 bxc4 26. Nxh6+ gxh6 27. bxc4 Qb3 28. Qe2 Rb8 29. Qg4+ Kh8 30. Rab1 Qxc4 31. Rbc1 Qe6 32. Qe2 Rb3 33. Bc3 Rg8 34. Red1 Rg6 35. Bd2 Qh3 36. Be3 Nxe4 37. Qc4 Rxe3 38. Qc8+ Qxc8 39. Rxc8+ Kg7 40. fxe3 Rxg3+ 41.
Kh2 Rxe3 42. Rg1+ Kf6 43. Rf1+ Ke6 44. Rc7 f6 45. Rxh7 Re2+ 46. Kh3 Re3+ 47. Kh2 d5 48. Rxh6 d4 49. Rg6 d3 50. Rg2 f5 51. h5 Nf6 52. Rg6 Re2+ 53. Kg3 f4+ 54. Kf3 Re3+ 55. Kf2 Kf5 56.
Rd1 Nxh5 57. Rd6 e4 58. Rd5+ Kg4 59. Rg1+ Ng3 60. Rg2 Re2+ 61. Kg1 Re1+ 0-1

[Event "GER-ch Blitz 2019"]
[Site "Magdeburg"]
[Date "2019.05.25"]
[Round "20.12"]
[White "Kopylov, Daniel"]
[Black "Ehmann, Thilo"]
[Result "0-1"]
[ECO "C47"]
[WhiteElo "2263"]
[BlackElo "2291"]
[Annotator "NA"]
[PlyCount "132"]
[EventDate "2019.05.25"]
[EventType "tourn"]
[EventCountry "GER"]
[Tiebreak "Number of wins+Number of black wins"]
[SourceTitle "playchess.com"]
[Source "ChessBase"]
[SourceQuality "1"]
[TimeControl "180+2"]

1. e4 e5 2. Nf3 Nc6 3. Nc3 Nf6 4. d4 exd4 5. Nxd4 Bb4 6.
Nxc6 bxc6 7. Bd3 d6 8. O-O Ng4 9. h3 Ne5 10. f4 Bc5+ 11. Kh1 Ng4 12. Qf3 Qh4 13. Na4 Nf2+ 14. Kh2 Nxd3 15. Qxd3 Bb6 16. Nxb6 axb6 17. Qc3 O-O 18. Qxc6 Ba6 19. Rf3 Qe1 20. b3 Rfe8 21. Bb2 Qxe4 22. Qxc7 Rac8 23. Qxd6 Rxc2 24. Qd4 Qxd4 25. Bxd4 Ree2 26. Rg3 Bb7 27. Rxg7+ Kf8 28. Rg1 Rcd2 29. Bf6 Re6 30. Ba1 Rxa2 31. Rxh7 Rg6 32. h4 Raxg2+ 33. Rxg2 Rxg2+ 34. Kh3 Rg1 35. Bd4 Rb1 36. Bxb6 Rxb3+ 37. Kg4 Rxb6 38. Rh8+ Kg7 39. Rd8 Rg6+ 40. Kh3 Be4 41. Rd4 Bf5+ 42. Kh2 Rg4 43. Rd5 Rxh4+ 44. Kg3 Rg4+ 45. Kf3 Kg6 46. Rd6+ f6 47. Rd8 Rh4 48. Rg8+ Kf7 49. Rb8 Rh3+ 50. Kg2 Rc3 51. Rb7+ Kg6 52. Rb8 Be4+ 53. Kh2 Kf5 54. Rb6 Rf3 55. Rb5+ Kxf4 56. Rb6 f5 57. Rb4 Rc3 58. Kg1 Ke3 59. Rb8 Rc1+ 60. Kh2 Rh1+ 61. Kg3 f4+ 62. Kg4 Rg1+ 63. Kh3 f3 64. Rb3+ Kf4 65. Kh2 f2 66. Rg3 Rh1# 0-1

[Event "GER-ch Blitz 2019"]
[Site "Magdeburg"]
[Date "2019.05.25"]
[Round "20.13"]
[White "Kopylov, Michael"]
[Black "Zelbel, Patrick"]
[Result "1/2-1/2"]
[ECO "A64"]
[WhiteElo "2413"]
[BlackElo "2439"]
[Annotator "NA"]
[PlyCount "81"]
[EventDate "2019.05.25"]
[EventType "tourn"]
[EventCountry "GER"]
[Tiebreak "Number of wins+Number of black wins"]
[SourceTitle "playchess.com"]
[Source "ChessBase"]
[SourceQuality "1"]
[TimeControl "180+2"]

1. d4 Nf6 2. c4 e6 3. g3 c5 4. d5 exd5 5. cxd5 d6 6. Nc3 g6 7. Bg2 Bg7 8. Nf3 O-O 9. Nd2 a6 10. a4 Nbd7 11. O-O Re8 12. h3 Rb8 13. Nc4 Ne5 14.
Na3 Nh5 15. e4 Bd7 16. a5 b5 17. axb6 Bb5 18. Naxb5 axb5 19. Nxb5 Qxb6 20. Na3 c4 21. Kh2 Qb3 22. Qxb3 Rxb3 23. g4 Nf6 24. f4 Nd3 25. Nxc4 Nxe4 26. Bxe4 Rxe4 27. Ra8+ Bf8 28. Nxd6 Re2+ 29.
Kg1 Ne1 30. Rf2 Rxf2 31. Kxf2 Nd3+ 32. Ke2 Nxc1+ 33. Kd2 Nd3 34. Kc2 Nc5 35. Ne4 Rb5 36. Nf6+ Kg7 37. g5 Nb7 38. Ne8+ Kg8 39. Nf6+ Kg7 40. Ne8+ Kg8 41. Nf6+
1/2-1/2

[Event "GER-ch Blitz 2019"]
[Site "Magdeburg"]
[Date "2019.05.25"]
[Round "20.14"]
[White "Schulze, Marc"]
[Black "Kirchner, Thomas"]
[Result "0-1"]
[ECO "A45"]
[WhiteElo "2220"]
[BlackElo "2311"]
[Annotator "NA"]
[PlyCount "40"]
[EventDate "2019.05.25"]
[EventType "tourn"]
[EventCountry "GER"]
[Tiebreak "Number of wins+Number of black wins"]
[SourceTitle "playchess.com"]
[Source "ChessBase"]
[SourceQuality "1"]
[TimeControl "180+2"]

1. d4 Nf6 2. Bf4 b6 3. e3 Bb7 4. Nf3 d6 5. Nbd2 Nbd7 6. Bd3 g6 7. Qe2 Bg7 8. h3 O-O 9. O-O Re8 10. Bg3 e5 11. dxe5 dxe5 12.
Ba6 Qc8 13. Bxb7 Qxb7 14. e4 Nh5 15. Bh2 Nc5 16. Rfe1 Rad8 17. Nc4 Nf4 18. Qf1 Nxe4 19. Ncxe5 Bxe5 20. Nxe5 Nd2 0-1

[Event "GER-ch Blitz 2019"]
[Site "Magdeburg"]
[Date "2019.05.25"]
[Round "20.15"]
[White "Heidrich, Manfred"]
[Black "Svane, Frederik"]
[Result "0-1"]
[ECO "B22"]
[WhiteElo "2351"]
[BlackElo "2342"]
[Annotator "NA"]
[PlyCount "74"]
[EventDate "2019.05.25"]
[EventType "tourn"]
[EventCountry "GER"]
[Tiebreak "Number of wins+Number of black wins"]
[SourceTitle "playchess.com"]
[Source "ChessBase"]
[SourceQuality "1"]
[TimeControl "180+2"]

1. e4 c5 2. c3 e6 3. d4 d5 4. exd5 exd5 5. Nf3 Nc6 6. Be3 c4 7. b3 cxb3 8. axb3 Bd6 9. Bd3 Nf6 10. h3 O-O 11. O-O Re8 12. Re1 Bd7 13.
Nbd2 Rc8 14. Nf1 h6 15. Qd2 Qc7 16. b4 Ne4 17. Qb2 a6 18.
Rec1 Ne7 19. c4 Nf5 20. cxd5 Qb8 21. N1d2 Nf6 22. Rxc8 Bxc8 23. Bxf5 Bxf5 24. Nc4 Nxd5 25. Nxd6 Qxd6 26. Bd2 Nb6 27. Rc1 Be4 28. Ne5 Bd5 29. Bf4 Qf6 30. Bg3 Qd8 31. Qd2 f6 32. Nd3 Nc4 33. Qf4 Re4 34. Qc7 Qxc7 35. Bxc7 Rxd4 36. Nc5 Na3 37. Rc3 Nb5 0-1

[Event "GER-ch Blitz 2019"]
[Site "Magdeburg"]
[Date "2019.05.25"]
[Round "21.1"]
[White "Gustafsson, Jan"]
[Black "Krause, Benedict"]
[Result "1-0"]
[ECO "A31"]
[WhiteElo "2639"]
[BlackElo "2434"]
[Annotator "ChessBase"]
[PlyCount "63"]
[EventDate "2019.05.25"]
[EventType "tourn"]
[EventCountry "GER"]
[Tiebreak "Number of wins+Number of black wins"]
[SourceTitle "playchess.com"]
[Source "ChessBase"]
[SourceQuality "1"]
[TimeControl "180+2"]

1. Nf3 Nf6 2. c4 c5 3. d4 cxd4 4. Nxd4 g6 5. Nc3 d5 6. Nf3 Be6 7. Ng5 d4 8. Nxe6
fxe6 9. Nb1 Bg7 10. g3 Nc6 11. Bg2 O-O 12. O-O e5 13. Nd2 Qb6 14. b3 a5 15. Ne4 Nxe4 16. Bxe4 e6 17.
Rb1 Ne7 18. a3 Qc7 19. Qd3 Nf5 20. Bd2 Nd6 21. Bg2 a4 22. Rfc1 Qf7 23. Be1 Qf5 24. Qxf5 gxf5 25. Bb4 Rfd8 26. Bxd6 Rxd6 27. c5 Rd7 28. c6 bxc6 29. Bxc6 Rda7 30. Bxa8 Rxa8 31. b4 e4 32. b5 1-0

[Event "GER-ch Blitz 2019"]
[Site "Magdeburg"]
[Date "2019.05.25"]
[Round "21.2"]
[White "Schneider, Ilja"]
[Black "Hebbinghaus, Holger"]
[Result "0-1"]
[ECO "D30"]
[WhiteElo "2494"]
[BlackElo "2310"]
[Annotator "ChessBase"]
[PlyCount "146"]
[EventDate "2019.05.25"]
[EventType "tourn"]
[EventCountry "GER"]
[Tiebreak "Number of wins+Number of black wins"]
[SourceTitle "playchess.com"]
[Source "ChessBase"]
[SourceQuality "1"]
[TimeControl "180+2"]

1. d4 d5 2. c4 e6 3. Nf3 a6 4. e3 Nf6 5. a3 b6 6. Bd3 Bb7 7. O-O Nbd7 8. Nc3 Be7 9. Qe2 O-O 10. e4 dxe4 11. Nxe4 c5 12. Rd1 Qc7 13. Bg5 Rfe8 14. Rac1 Rad8 15. h3 h6 16. Bh4 Nxe4 17. Bxe7 Rxe7 18. Bxe4 Bxe4 19. Qxe4 Nf6 20. Qe5 cxd4 21. Qxc7 Rxc7 22. Rxd4 Rxd4 23. Nxd4 Kf8 24. Kf1 Rd7 25. Nf3 Ne4 26. Ke2 f6 27. Ke3 Nd6 28. c5 Rc7 29. Nd4 Kf7 30. Nb3 Nf5+ 31. Ke4 bxc5 32. Nxc5 Nd6+ 33. Ke3 a5 34. b4 axb4 35. axb4 Nb7 36. Kd4 Ke7 37. Ra1 Nd6 38. Ra6 e5+ 39. Kd5 Nb5 40. Re6+ Kf7 41. Rb6 Nc3+ 42. Kd6 Rc8 43. Rb7+ Kg6 44. f3 h5 45. b5 Rd8+ 46. Nd7 e4 47. fxe4 Nxe4+ 48. Kc7 Re8 49. b6 Kf5 50. Rb8 Re6 51. Rg8 Nd6 52. Rxg7 Ne8+ 53. Kd8 Nxg7 54. b7 Re8+ 55. Kc7 Ne6+ 56. Kd6 Nf4 57. Nb6 Rb8 58. Kc7 Rxb7+ 59. Kxb7 Nxg2 60. Kc6 Nf4 61. h4 Ng6 62. Kd5 Nxh4 63. Nc4 Nf3 64. Ne3+ Kf4 65. Ng2+ Kg3 66. Ne3 h4 67. Nf5+ Kg4 68. Ne3+ Kf4 69. Ng2+ Kg3 70. Ne3 h3 71. Ke6 Ne5 72. Nf1+ Kf2 73. Nh2 Kg2 0-1

[Event "GER-ch Blitz 2019"]
[Site "Magdeburg"]
[Date "2019.05.25"]
[Round "21.3"]
[White "Barzen, Pascal"]
[Black "Carow, Johannes"]
[Result "0-1"]
[ECO "B23"]
[WhiteElo "2292"]
[BlackElo "2445"]
[Annotator "NA"]
[PlyCount "74"]
[EventDate "2019.05.25"]
[EventType "tourn"]
[EventCountry "GER"]
[Tiebreak "Number of wins+Number of black wins"]
[SourceTitle "playchess.com"]
[Source "ChessBase"]
[SourceQuality "1"]
[TimeControl "180+2"]

1. e4 c5 2. Nc3 a6 3. g3 b5 4. Bg2 Bb7
5. d3 e6 6. f4 b4 7. Nce2 d5 8. e5 Ne7 9. d4 Nf5 10. Nf3 Nc6 11. c3 a5 12. O-O h5 13. Re1 Qb6 14.
h3 Be7 15. a3 bxa3 16. bxa3 Ba6 17. Kh2 Bxe2 18. Qxe2 cxd4 19. cxd4 Ncxd4 20. Nxd4 Qxd4 21. Qb5+ Kf8 22. Rb1 Qc3 23. Be3 Nxe3 24. Rec1
Qxa3 25. Rc7 g6 26. Qb7 Re8 27. Rb3 Qa2 28. Rxe3 Qf2 29. Rf3 Qd2 30. Rc8 Kg7 31. Rc7 Qb4 32. Qa7 Ra8 33. Qf2 Rhc8 34. Rxc8 Rxc8 35. g4 hxg4 36. hxg4 Rh8+ 37. Kg3 Bh4+ 0-1

[Event "GER-ch Blitz 2019"]
[Site "Magdeburg"]
[Date "2019.05.25"]
[Round "21.4"]
[White "Schulz, Karsten"]
[Black "Heistermann, Till"]
[Result "1/2-1/2"]
[ECO "A05"]
[WhiteElo "2227"]
[BlackElo "2181"]
[Annotator "NA"]
[PlyCount "96"]
[EventDate "2019.05.25"]
[EventType "tourn"]
[EventCountry "GER"]
[Tiebreak "Number of wins+Number of black wins"]
[SourceTitle "playchess.com"]
[Source "ChessBase"]
[SourceQuality "1"]
[TimeControl "180+2"]

1. Nf3 Nf6 2. g3 g6 3. b3 Bg7 4. Bb2 O-O 5. Bg2 c5 6. c4 Nc6 7. O-O d6 8. e3 a6 9. d4 Bd7 10. Nc3 cxd4 11. exd4 Rb8 12. a4 Re8 13. Re1 Nb4 14. Qd2 Bf5 15. Nh4 Bd7 16. a5 Nc6 17. Nd5 Nxd5 18. Bxd5 e6 19.
Bg2 Qc7 20. Nf3 Ne7 21. Bc3 Bc6 22. Re2 Nf5 23. Rae1 d5 24.
Ne5 Bxe5 25. Rxe5 dxc4 26. d5 exd5 27. Rxe8+ Rxe8 28. Rxe8+ Bxe8 29. Bxd5 cxb3 30. Bxb3 Qd6 31. Qe2 Bb5 32. Qe1 Nd4 33. Bxd4 Qxd4 34. h4 Qf6 35. Bd5 Bc6 36. Bxc6 Qxc6 37. Qb4 Kg7 38. Qb2+ f6 39. Qb4 Kf7 40. Qb3+ Kg7 41. Qb4 Kf7 42. h5 gxh5 43. Qb3+ Kg7 44. Qb4 Qd7 45. Qc5 Qf7 46. Qd6 Qg6 47. Qc7+ Qf7 48. Qd6 Qg6 1/2-1/2

[Event "GER-ch Blitz 2019"]
[Site "Magdeburg"]
[Date "2019.05.25"]
[Round "21.5"]
[White "Braeuning, Rudolf Wilhelm"]
[Black "Stern, Rene"]
[Result "0-1"]
[ECO "A13"]
[WhiteElo "2285"]
[BlackElo "2538"]
[Annotator "ChessBase"]
[PlyCount "48"]
[EventDate "2019.05.25"]
[EventType "tourn"]
[EventCountry "GER"]
[Tiebreak "Number of wins+Number of black wins"]
[SourceTitle "playchess.com"]
[Source "ChessBase"]
[SourceQuality "1"]
[TimeControl "180+2"]

1. c4 e6 2. Nf3 d5 3. d4 Nf6 4. e3 b6 5. Nc3 Bb7 6. Bd3 Bd6 7. Qc2 Nbd7 8.
e4 dxc4 9. Bxc4 e5 10. Bg5 h6 11. Bh4 exd4 12. Nxd4 O-O 13. O-O-O Qe8 14. Rhe1 Qe5 15. Bg3 Qg5+ 16. Kb1 Bxg3 17. hxg3 a6 18. Nf5 Nc5 19. f4 Qg4 20. e5 Nfe4 21. Nxe4 Bxe4 22. Rxe4 Qxf5 23. Red4
Qxc2+ 24. Kxc2 a5 0-1

[Event "GER-ch Blitz 2019"]
[Site "Magdeburg"]
[Date "2019.05.25"]
[Round "21.6"]
[White "Hirneise, Jens"]
[Black "Voege, Tobias"]
[Result "1/2-1/2"]
[ECO "B35"]
[WhiteElo "2375"]
[BlackElo "2294"]
[Annotator "NA"]
[PlyCount "70"]
[EventDate "2019.05.25"]
[EventType "tourn"]
[EventCountry "GER"]
[Tiebreak "Number of wins+Number of black wins"]
[SourceTitle "playchess.com"]
[Source "ChessBase"]
[SourceQuality "1"]
[TimeControl "180+2"]

1. e4 c5 2. Nf3 Nc6 3. d4 cxd4 4. Nxd4 g6 5. Nc3 Bg7 6. Be3 Nf6 7. Bc4 O-O 8.
Bb3 d6 9. h3 Nxd4 10. Bxd4 b5 11. O-O Bb7 12. f3 b4 13. Nd5 Nxd5 14. exd5 a5 15. Bxg7 Kxg7 16. Qd4+ Kg8 17. Bc4 Qc7 18. Rfe1 Ba6 19. Bxa6 Rxa6 20. Re2 Re8 21. Rae1 Ra7 22. h4 Qc5 23. Qxc5 dxc5 24. Re5 Rd8 25. Rxe7 Rxe7 26. Rxe7 Rxd5 27. Ra7 Rd1+ 28. Kh2 Rd2 29. Rxa5 Rxc2 30. b3 h5 31. Ra4 Kf8 32. a3 bxa3 33. Rxa3 Kg7 34. Ra6 Rb2 35. Rc6 Rxb3 1/2-1/2

[Event "GER-ch Blitz 2019"]
[Site "Magdeburg"]
[Date "2019.05.25"]
[Round "21.7"]
[White "Feuerstack, Aljoscha"]
[Black "Frischmann, Rick"]
[Result "0-1"]
[ECO "B22"]
[WhiteElo "2441"]
[BlackElo "2320"]
[Annotator "NA"]
[PlyCount "56"]
[EventDate "2019.05.25"]
[EventType "tourn"]
[EventCountry "GER"]
[Tiebreak "Number of wins+Number of black wins"]
[SourceTitle "playchess.com"]
[Source "ChessBase"]
[SourceQuality "1"]
[TimeControl "180+2"]

1. e4 c5 2. c3 Nf6 3. e5 Nd5 4. Nf3 Nc6 5. Bc4 Nb6 6. Bb3 d5 7. exd6 Qxd6 8.
O-O Be6 9. Bxe6 Qxe6 10. a4 Rd8 11. a5 Na8 12. a6 b6 13.
Qa4 Qd7 14. Na3 e6 15. Nb5 Be7 16. d4 cxd4 17. Rd1 Nc7 18. Nxc7+ Qxc7 19. Nxd4 O-O 20. Bf4 Qxf4 21. Qxc6 Bc5 22. g3 Qg4 23. Qb7 e5 24. Nf3 Rxd1+ 25. Rxd1 e4 26. Qxa7 Qxf3 27. Rf1 e3 28. h4 e2 0-1

[Event "GER-ch Blitz 2019"]
[Site "Magdeburg"]
[Date "2019.05.25"]
[Round "21.8"]
[White "Zuyev, Igor"]
[Black "Wichmann, Cliff"]
[Result "1-0"]
[ECO "C12"]
[WhiteElo "2447"]
[BlackElo "2280"]
[Annotator "NA"]
[PlyCount "55"]
[EventDate "2019.05.25"]
[EventType "tourn"]
[EventCountry "GER"]
[Tiebreak "Number of wins+Number of black wins"]
[SourceTitle "playchess.com"]
[Source "ChessBase"]
[SourceQuality "1"]
[TimeControl "180+2"]

1. e4 e6 2. d4 d5 3. Nc3 Nf6 4. Bg5 Bb4 5. exd5 Qxd5 6. Bxf6 gxf6 7. Qd2 Bxc3 8. Qxc3 Nc6 9. Nf3 Bd7 10. Bc4 Qe4+ 11. Kf1 O-O-O 12. Re1 Qg6 13. h3 Ne7 14. Qa3 Nc6 15. Bd3 Qg7 16. g3 Kb8 17. Kg2 Rhe8 18. c4 Ne7 19. b4 Bc6 20. d5 exd5 21. b5 dxc4 22. bxc6 Nxc6 23. Rxe8 Rxe8 24. Bxc4 Ne5 25. Nxe5 fxe5 26. Rb1 Qg6 27. Qb3 Qb6 28. Qa4 1-0

[Event "GER-ch Blitz 2019"]
[Site "Magdeburg"]
[Date "2019.05.25"]
[Round "21.9"]
[White "Koch, Thomas"]
[Black "Stein, Robert"]
[Result "1-0"]
[ECO "D43"]
[WhiteElo "2474"]
[BlackElo "2318"]
[Annotator "ChessBase"]
[PlyCount "73"]
[EventDate "2019.05.25"]
[EventType "tourn"]
[EventCountry "GER"]
[Tiebreak "Number of wins+Number of black wins"]
[SourceTitle "playchess.com"]
[Source "ChessBase"]
[SourceQuality "1"]
[TimeControl "180+2"]

1. d4 Nf6 2. c4 e6 3. Nf3 d5 4. Nc3 c6 5. Bg5 h6 6. Bh4 Be7 7. e3 O-O 8. Bd3 Nbd7 9. O-O dxc4 10. Bxc4 b5 11. Bd3 a6 12. e4 b4 13. Na4 Bb7 14. e5 Nd5 15. Bxe7 Qxe7 16. Rc1 Rfc8 17. Nc5 Nxc5 18. Rxc5 Nb6 19. Be4 Rc7 20. Qe2 Nd7 21. Rc2 c5 22. Rfc1 Bxe4 23. Qxe4 Rac8 24. d5 exd5 25. Qxd5 Nb6 26. Qd6 Qxd6 27. exd6 Rd7 28. Rxc5 Rxc5 29. Rxc5 Rxd6 30. g3 Rd1+ 31. Kg2 Ra1 32. Ra5 Nc4 33. Rxa6 b3 34. a3 Nxb2 35. Nd2 Nc4 36. Nxc4 Rc1 37. Ra4 1-0

[Event "GER-ch Blitz 2019"]
[Site "Magdeburg"]
[Date "2019.05.25"]
[Round "21.10"]
[White "Schmaltz, Roland"]
[Black "Baskin, Robert"]
[Result "1/2-1/2"]
[ECO "B90"]
[WhiteElo "2461"]
[BlackElo "2398"]
[Annotator "ChessBase"]
[PlyCount "84"]
[EventDate "2019.05.25"]
[EventType "tourn"]
[EventCountry "GER"]
[Tiebreak "Number of wins+Number of black wins"]
[SourceTitle "playchess.com"]
[Source "ChessBase"]
[SourceQuality "1"]
[TimeControl "180+2"]

1. e4 c5 2. Nf3 d6 3. d4 cxd4 4. Nxd4 Nf6 5. Nc3 a6 6. Be3 e5 7. Nb3 Be6 8. f3 h5 9. Qd2 Nbd7 10. a4 Rc8 11. Be2 Be7 12. a5 O-O 13.
O-O h4 14. Nd5 Bxd5 15. exd5 Nh5 16. c4 Nf4 17. Bxf4 exf4 18. Qxf4 Bf6 19. Qd2 Re8 20. Rfe1 Qc7 21. Kh1 Nc5 22. Nxc5 Qxc5 23. Bf1 Qd4 24. Qxd4 Bxd4 25. Rxe8+ Rxe8 26. Rb1 Re3 27. b4 Bc3 28. c5 dxc5 29. bxc5 Re1 30. Rxe1 Bxe1 31. c6 bxc6 32. dxc6 Bxa5 33. Bxa6 Bb6 34. Bc4 Kf8 35. g4 hxg3 36. hxg3 Ke7 37. Kg2 f6 38. Bd3 Kd6 39. Be4 Bd4 40. f4 Bc3 41. Kf3 Be1 42. g4 Bd2 1/2-1/2

[Event "GER-ch Blitz 2019"]
[Site "Magdeburg"]
[Date "2019.05.25"]
[Round "21.11"]
[White "Buhmann, Rainer"]
[Black "Kopylov, Daniel"]
[Result "1-0"]
[ECO "D35"]
[WhiteElo "2573"]
[BlackElo "2263"]
[Annotator "ChessBase"]
[PlyCount "65"]
[EventDate "2019.05.25"]
[EventType "tourn"]
[EventCountry "GER"]
[Tiebreak "Number of wins+Number of black wins"]
[SourceTitle "playchess.com"]
[Source "ChessBase"]
[SourceQuality "1"]
[TimeControl "180+2"]

1. d4 d5 2. c4 e6 3. Nc3 Nf6 4. cxd5 exd5 5. Bg5 c6 6. e3 Be7 7. Bd3 Nbd7 8. Qc2 g6 9. Nge2 Nf8 10. O-O Ne6 11. Bxf6 Bxf6 12. b4 O-O 13. Rab1 a5 14. b5 c5 15. dxc5 Nxc5 16. Rbc1 Nxd3 17. Qxd3 Bf5 18. Qxd5 Qxd5 19. Nxd5 Bb2 20. Rc7 Be6 21.
Nef4 Be5 22. Ne7+ Kh8 23. Nxe6 Bxc7 24. Nxc7 Rad8 25. Ned5 Rd6 26. f3 Kg7 27. Kf2 Rfd8 28. e4 f5 29. Ke3 fxe4 30. fxe4 Rf8 31. Rxf8 Kxf8 32. e5 Rd7 33. e6 1-0

[Event "GER-ch Blitz 2019"]
[Site "Magdeburg"]
[Date "2019.05.25"]
[Round "21.12"]
[White "Zelbel, Patrick"]
[Black "Braeuer, Franz"]
[Result "1/2-1/2"]
[ECO "B22"]
[WhiteElo "2439"]
[BlackElo "2445"]
[Annotator "NA"]
[PlyCount "88"]
[EventDate "2019.05.25"]
[EventType "tourn"]
[EventCountry "GER"]
[Tiebreak "Number of wins+Number of black wins"]
[SourceTitle "playchess.com"]
[Source "ChessBase"]
[SourceQuality "1"]
[TimeControl "180+2"]

1. e4 c5 2. c3 Nf6 3. e5 Nd5 4. Bc4 Nb6 5. Bb3 Nc6 6. Nf3 d6 7. exd6 Qxd6 8.
O-O Bf5 9. d4 cxd4 10. Nxd4 Nxd4 11. cxd4 e6 12. Qf3 Qc6 13.
Qxc6+ bxc6 14. Be3 Be7 15. Rc1 Rc8 16. Nd2 O-O 17. Nc4 Nd5 18.
Ne5 Nxe3 19. fxe3 Be4 20. Bc2 Bxc2 21. Rxc2 c5 22. Rac1 Rfd8 23. Nd3 Rb8 24. Nxc5 Bxc5 25. dxc5 Rdc8 26. b3 Kf8 27. Kf2 Ke7 28. Rc3 Rb5 29. Rc4 f5 30. b4 a5 31. a3 axb4 32. axb4 Rcb8 33. c6 Rc8 34. Rd1 Rc7 35. Rb1 Kd6 36. Rd1+ Ke7 37.
Kf3 g5 38. g4 Rb6 39. Rdc1 Kd6 40. gxf5 exf5 41. Rd1+ Ke6 42. Rdc1 Kd6 43. Rd1+ Ke6 44. Rdc1 Kd6 {[%emt 0:00:
01] Ke4 Ke5+} 1/2-1/2

[Event "GER-ch Blitz 2019"]
[Site "Magdeburg"]
[Date "2019.05.25"]
[Round "21.13"]
[White "Ehmann, Thilo"]
[Black "Schulze, Marc"]
[Result "0-1"]
[ECO "B27"]
[WhiteElo "2291"]
[BlackElo "2220"]
[Annotator "NA"]
[PlyCount "94"]
[EventDate "2019.05.25"]
[EventType "tourn"]
[EventCountry "GER"]
[Tiebreak "Number of wins+Number of black wins"]
[SourceTitle "playchess.com"]
[Source "ChessBase"]
[SourceQuality "1"]
[TimeControl "180+2"]

1. e4 c5 2. Nf3 g6 3. d4 cxd4 4. Nxd4 Bg7 5. Nc3 Nc6 6. Be3 Nf6 7. Nxc6 bxc6 8. e5 Nd5 9. Nxd5 cxd5 10. Qxd5 Rb8 11. Bc4 O-O 12. O-O Qc7 13. Bb3 Bxe5 14. Bxa7 Bxh2+ 15. Kh1 Qxa7 16. Kxh2 Qc7+ 17. Kg1 d6 18. Qd2 Rb5 19. Rfe1 Bb7 20. Qe3 e6 21. Rad1 Qc6 22. f3 Rh5 23. Qd4 d5 24. Re5 Rh6 25. Rde1 Qd6 26. R5e3 Qh2+ 27. Kf2 Rh5 28. Qg4 d4 29. R3e2 h6 30. Qg3 Qxg3+ 31. Kxg3 Rd8 32. f4 d3 33. cxd3 Rxd3+ 34. Re3 Rd2 35. R1e2 Rd8 36. Kf2 Rh2 37. Rg3 Rh4 38. Ke3 Kg7 39. Rf2 e5 40. Rh3 exf4+ 41. Ke2 f3+ 42. Ke3 fxg2 43. Rxf7+ Kh8 44. Rxh4 g1=Q+ 45. Ke2 Qg2+ 46. Rf2 Re8+ 47. Kd3 Qxf2 {Kd4} 0-1

[Event "GER-ch Blitz 2019"]
[Site "Magdeburg"]
[Date "2019.05.25"]
[Round "21.14"]
[White "Svane, Frederik"]
[Black "Kopylov, Michael"]
[Result "1-0"]
[ECO "B01"]
[WhiteElo "2342"]
[BlackElo "2413"]
[Annotator "NA"]
[PlyCount "129"]
[EventDate "2019.05.25"]
[EventType "tourn"]
[EventCountry "GER"]
[Tiebreak "Number of wins+Number of black wins"]
[SourceTitle "playchess.com"]
[Source "ChessBase"]
[SourceQuality "1"]
[TimeControl "180+2"]

1. e4 d5 2. exd5 Qxd5 3. Nc3 Qd6 4. g3 Nf6 5. Bg2 Bg4 6. Nge2 Nc6 7. O-O O-O-O 8. h3 Bh5 9. d3 e5 10. Bg5 Be7 11. Qd2 Rhe8 12.
Bxf6 Qxf6 13. Nd5 Qe6 14. Nxe7+ Rxe7 15. Nc3 Nd4 16. f4 exf4 17. Rae1 Qb6 18. Rxe7 Nf5+ 19. Qf2 Nxe7 20. Qxb6 axb6 21. Rxf4 f6 22. g4 Bf7 23. Kf2 c6 24. a4 Kc7 25. Re4 Kd6 26. Rd4+ Kc7 27.
Re4 Ng6 28. Kg3 Ne5 29. h4 Rd7 30. g5 Bg6 31. Re3 Rd4 32.
gxf6 gxf6 33. Be4 f5 34. Bxf5 Bxf5 35. Rxe5 Rg4+ 36. Kf3 Bd7 37. Rh5 Rg7 38. Rh6 Rf7+ 39.
Ke3 Bf5 40. Ne4 Re7 41. Kf4 Bg6 42. h5 Rf7+ 43. Ke5 Bxe4 44. dxe4 Kd7 45. Rf6 Re7+ 46. Kf5 Rg7 47. h6 Rg2 48. Rf7+ Kd6 49. Rxh7 Rxc2 50. Rxb7 Rxb2 51. h7 Rh2 52. Kf6 Rf2+ 53. Kg7 Rg2+ 54.
Kh8 c5 55. Rxb6+ Ke5 56. Rc6 Kd4 57. a5 c4 58. a6 c3 59. a7 Ra2 60. Rc7 c2 61. Rxc2 Rxa7 62. Re2 Ke5 63. Rf2 Ke6 64. Kg8 Ra3 65. h8=Q 1-0

[Event "GER-ch Blitz 2019"]
[Site "Magdeburg"]
[Date "2019.05.25"]
[Round "21.15"]
[White "Kirchner, Thomas"]
[Black "Heidrich, Manfred"]
[Result "1/2-1/2"]
[ECO "B30"]
[WhiteElo "2311"]
[BlackElo "2351"]
[Annotator "NA"]
[PlyCount "29"]
[EventDate "2019.05.25"]
[EventType "tourn"]
[EventCountry "GER"]
[Tiebreak "Number of wins+Number of black wins"]
[SourceTitle "playchess.com"]
[Source "ChessBase"]
[SourceQuality "1"]
[TimeControl "180+2"]

1. e4 c5 2. Nf3 Nc6 3. Bc4 e6 4. O-O d5 5. exd5 exd5 6. Bb5 Be7 7. d4 Nf6 8. h3 O-O 9. c3 a6 10. Ba4 Bf5 11. Re1 Re8 12. Bf4 Ne4 13. Nbd2 Bf8 14. Nxe4 dxe4 15. Ne5 1/2-1/2